 Seeded DCSS version 0.28-a0-726-g4a9143789a (webtiles) character file.

Game seed: 20211028 (custom seed)

654 a11behringer the Cleaver (level 7, -6/60 HPs)
             Began as a Hill Orc Cinder Acolyte on Oct 28, 2021.
             Was a High Priest of Ignis.
             Mangled by an ogre (29 damage)
             ... on level 5 of the Dungeon.
             The game lasted 00:18:14 (5243 turns).

a11behringer the Cleaver (Hill Orc Cinder Acolyte)  Turns: 5243, Time: 00:18:14

Health: -6/60      AC:  6    Str: 17    XL:     7   Next: 54%
Magic:  6/10       EV: 11    Int: 16    God:    Ignis [*****.]
Gold:   142        SH:  0    Dex: 12    Spells: 8/10 levels left

rFire   + . .      SeeInvis .   a - +0 hand axe (flame)
rCold   . . .      Faith    .   (no shield)
rNeg    . . .      Spirit   .   t - +0 leather armour {Will+}
rPois   .          Reflect  .   (no helmet)
rElec   .          Harm     .   v - +0 cloak
rCorr   .          Rampage  .   p - +0 pair of gloves
Will    +....                   m - +0 pair of boots
Stlth   +.........              (no amulet)
HPRegen 0.20/turn               i - +6 ring of dexterity
MPRegen 0.12/turn               (no ring)

@: no status effects
A: no striking features
a: Renounce Religion, Sea of Fire, Foxfire Swarm, Rising Flame


You were on level 5 of the Dungeon.
You worshipped Ignis.
Ignis was extremely pleased with you.
You visited 1 branch of the dungeon, and saw 5 of its levels.

You collected 142 gold pieces.

Inventory:

Hand Weapons
 a - a +0 hand axe of flaming (weapon)
 d - a +1 short sword of holy wrath
 s - a +0 hunting sling
Missiles
 c - 31 arrows
 g - 38 bolts
 l - 5 boomerangs (quivered)
 n - 43 sling bullets
Armour
 b - a +0 robe
 m - a +0 pair of boots (worn)
 p - a +0 pair of gloves (worn)
 t - a +0 leather armour of willpower (worn)
 v - a +0 cloak (worn)
Jewellery
 i - a +6 ring of dexterity (left hand)
Wands
 o - a wand of acid (10)
 w - a wand of charming (9)
Scrolls
 e - a scroll of identify
Potions
 f - a potion of heal wounds
 h - 5 potions of curing
 j - a potion of ambrosia
 k - a potion of haste
 r - a potion of lignification


   Skills:
 + Level 4.8 Fighting
 * Level 8.4 Axes
 + Level 1.8 Armour
 - Level 1.0 Dodging
 + Level 0.9 Stealth
 + Level 2.3 Spellcasting
 + Level 4.3 Fire Magic


You had 8 spell levels left.
You knew the following spells:

 Your Spells              Type           Power      Damage    Failure   Level
a - Scorch                Fire           30%        2d6       6%          2

Your spell library contained the following spells:

 Spells                   Type           Power      Damage    Failure   Level
 Summon Guardian Golem    Hex/Summ       1%         N/A       58%         3
 Orb of Destruction       Conj           0%         N/A       100%        7
 Spellforged Servitor     Conj/Summ      0%         N/A       100%        7


Dungeon Overview and Level Annotations

Branches:
Dungeon (5/15)
 Temple: D:4-7

Altars:
Cheibriados
Dithmenos
Qazlal
Uskayaw
Wu Jian

Shops:
D:4 (

Portals:
Abyss: D:3

Annotations:
D:3 2 transporters, rogsnak's ghost, amateur BaEE


Message History

The wyvern zombie bites you!
You slash the wyvern zombie! You burn the wyvern zombie.
The wyvern zombie is moderately damaged.
The wyvern zombie closely misses you.
You hit the wyvern zombie but do no damage.
The wyvern zombie is moderately damaged.
You slash the necrophage! You burn the necrophage.
The necrophage is severely damaged.
The wyvern zombie is no longer more vulnerable to fire.
You hit the necrophage. You burn the necrophage.
The necrophage is almost destroyed.
The necrophage completely misses you. Flames leap up around you!
The wyvern zombie barely misses you. The necrophage hits you.
The foxfire hits the scorpion.
The scorpion is lightly wounded.
You barely miss the necrophage.
The necrophage is almost destroyed.
You hit the ogre. You burn the ogre.
The foxfire hits the necrophage.
The necrophage is almost destroyed.
The foxfire hits the necrophage but does no damage.
The necrophage is almost destroyed.
The foxfire hits the necrophage.
You destroy the necrophage!
The foxfire hits the ogre.
The ogre is heavily wounded.
The foxfire hits the ogre.
The ogre is heavily wounded.
The foxfire hits the scorpion but does no damage.
The scorpion is lightly wounded.
The foxfire hits the ogre.
The ogre is severely wounded.
The foxfire hits the ogre.
The ogre is severely wounded.
The foxfire hits the ogre but does no damage.
The ogre is severely wounded.
The foxfire hits the ogre.
The ogre is almost dead.
Fires begin to smoulder around you! The wyvern zombie bites you!
The ogre hits you with a +0 giant club!!
You die...

.#..............s.....
...######.O........$.#
.. #............# .
#..n..........
#..§....... §
#...(...... §§§
#...§..!...
§§§§§######§§§§......
#§§§§@Zs§§§§§......
#§§§§§O.§§§§§...#..
##§§§§§§§##§##### #
#§#§§§§§§§...
P#§#§§§§§§§§§ . ###
#§§§§§§##§. §§§§§§§§ #
.§§§§§§#§§


You could see an ogre, a scorpion and a wyvern zombie.

Vanquished Creatures
  A necrophage (D:5)
  2 ogres (D:4)
  A phantom (D:5)
  A jelly (D:4)
  A hound (D:3)
  An iguana (D:4)
  2 orc wizards (D:4)
  A hound skeleton (D:4)
  6 gnolls (D:3)
  3 adders
  2 dart slugs (D:2)
  9 orcs
  6 bats
  9 endoplasms
  8 giant cockroaches
  10 goblins
  6 hobgoblins
  4 kobolds
  7 quokkas
  10 ball pythons
  6 frilled lizards
  3 rats
99 creatures vanquished.

Vanquished Creatures (others)
  10 foxfires (D:5)
  4 fungi
14 creatures vanquished.

Grand Total: 113 creatures vanquished

Notes
Turn   | Place    | Note
-------+----------+-------------------------------------------
     0 | D:1      | a11behringer the Hill Orc Cinder Acolyte began the quest
                  | for the Orb.
     0 | D:1      | Reached XP level 1. HP: 19/19 MP: 2/2
    88 | D:1      | Found a faded altar of an unknown god.
   116 | D:1      | Reached XP level 2. HP: 20/26 MP: 3/3
  1427 | D:1      | Reached XP level 3. HP: 31/33 MP: 4/4
  1431 | D:1      | Learned a level 2 spell: Scorch
  1824 | D:2      | Reached skill level 5 in Axes
  2370 | D:2      | Reached XP level 4. HP: 34/40 MP: 5/5
  2747 | D:3      | Reached XP level 5. HP: 33/46 MP: 1/7
  2752 | D:3      | Reached skill level 6 in Axes
  3053 | D:3      | Found a transporter.
  3060 | D:3      | Found a transporter.
  3075 | D:3      | Noticed rogsnak's ghost (amateur BaEE)
  3366 | D:3      | Noticed a kobold brigand
  3372 | D:3      | Found a one-way gate to the infinite horrors of the Abyss.
  3388 | D:3      | Noticed a small abomination
  3454 | D:3      | Found an ornate altar of the Wu Jian Council.
  3937 | D:4      | Reached XP level 6. HP: 52/52 MP: 4/8
  4016 | D:4      | Reached skill level 7 in Axes
  4300 | D:4      | Found a hide-covered altar of Uskayaw.
  4413 | D:4      | Found Jeozouch's Weapon Shop.
  4573 | D:4      | Found a stormy altar of Qazlal.
  4607 | D:4      | Reached skill level 1 in Dodging
  4701 | D:4      | Reached skill level 8 in Axes
  4701 | D:4      | Reached skill level 1 in Armour
  4701 | D:4      | Reached XP level 7. HP: 24/60 MP: 7/10
  5217 | D:5      | Entered Level 5 of the Dungeon
  5217 | D:5      | Found a shadowy altar of Dithmenos.
  5221 | D:5      | Found a snail-covered altar of Cheibriados.
  5243 | D:5      | Mangled by an ogre

Illustrated notes

Levels and vault maps discovered:
D:1:      kennysheep_arrival_forest, layout_basic,
          ebering_ecumenical_altar_rust, lemuel_another_geyser
D:2:      layout_basic
D:3:      layout_basic, lemuel_tele_altar, serial_rivers,
          chequers_serial_rivers_marsh, chequers_serial_rivers_micro_e,
          chequers_serial_rivers_room_a, chequers_serial_rivers_micro_a,
          chequers_serial_rivers_micro_a, chequers_serial_rivers_micro_c,
          gammafunk_ghost_abyssal_escape
D:4:      layout_basic, nicolae_overflow_hidden_temple,
          mainiacjoe_overflow_boulevard, serial_shops, shop
D:5:      layout_rooms, minitemple, mainiacjoe_overflow_catwalk_spiral,
          serial_aquarium, aquarium_bridge_square [aquarium_subvault_bridge,
          aquarium_subvault_wall, aquarium_subvault_window,
          aquarium_subvault_bridge], aquarium_bridge_straight
          [aquarium_subvault_bridge, aquarium_subvault_wall,
          aquarium_subvault_bridge, aquarium_subvault_window],
          aquarium_window_fake, aquarium_window_fake, aquarium_window_2,
          aquarium_window_fake, aquarium_view_2c, aquarium_view_2c

Skill      XL: |  1  2  3  4  5  6 |
---------------+-------------------+-----
Axes           | 5 6 8 |  8.4
Fighting       | 4 |  4.8
Fire Magic     | 4 |  4.3
Dodging        | 1 |  1.0
Spellcasting   | 2 |  2.3
Armour         | 1 |  1.8
Stealth        | |  0.9

Action                   |  1- 3 |  4- 6 |  7- 9 || total
-------------------------+-------+-------+-------++-------
Melee: Hand axe          |   125 |   125 |    34 ||   284
 Cast: Scorch            |     8 |    18 |     8 ||    34
Invok: Sea of Fire       |       |       |     1 ||     1
       Foxfire Swarm     |       |       |     1 ||     1
  Use: Scroll            |       |     9 |       ||     9
 Stab: Sleeping          |       |       |     1 ||     1
Armor: Robe              |    33 |    12 |       ||    45
       Leather armour    |       |    11 |     9 ||    20
Dodge: Dodged            |    71 |    58 |    12 ||   141

Table legend: (Time is in decaauts)
 A = Elapsed time spent in this place.
 B = Non-inter-level travel time spent in this place.
 C = Inter-level travel time spent in this place.
 D = Time resting spent in this place.
 E = Time spent auto-exploring this place.
 F = Levels seen in this place.
 G = Mean time per level.
                   A        B        C        D        E       F      G
               +--------+--------+--------+--------+--------+-----+--------+
         Total |   5249 |   4404 |    845 |      0 |   3695 |   5 | 1049.8 |
       Dungeon |   5249 |   4404 |    845 |      0 |   3695 |   5 | 1049.8 |
               +--------+--------+--------+--------+--------+-----+--------+

Top non-repeatable levels by time:
     D:1: 1807 daAuts
     D:4: 1417 daAuts
     D:3: 1340 daAuts
     D:2: 658 daAuts
     D:5: 24 daAuts
